 Dungeon Crawl Stone Soup version 0.28-a0-1190-g77e1c55843 (webtiles) character file.

Game seed: 6108552143822871166

258 bearlyready the Stinger (level 5, -2/39 HPs)
             Began as a Draconian Venom Mage on Dec 19, 2021.
             Slain by a hornet zombie (12 damage)
             ... on level 4 of the Dungeon.
             The game lasted 00:05:56 (2898 turns).

bearlyready the Stinger (Draconian Venom Mage)      Turns: 2898, Time: 00:05:57

Health: -2/39      AC:  2    Str: 11    XL:     5   Next: 94%
Magic:  5/8        EV: 19    Int: 17    God:
Gold:   129        SH:  0    Dex: 16    Spells: 0/8 levels left

rFire   . . .      SeeInvis .   (weapon currently unavailable)
rCold   . . .      Faith    .   (shield currently unavailable)
rNeg    . . .      Spirit   .   (armour unavailable)
rPois   x          Reflect  .   (helmet currently unavailable)
rElec   .          Harm     .   (cloak currently unavailable)
rCorr   .          Rampage  .   (gloves currently unavailable)
Will    .....                   (boots currently unavailable)
Stlth   ++........              (no amulet)
HPRegen 0.13/turn               (no ring)
MPRegen 0.11/turn               (no ring)

@: spider-form
A: venomous fangs, AC +5, tiny, unfitting armour, (cold-blooded)
a: End Transformation


You were on level 4 of the Dungeon.
You were a venomous arachnid creature.
You visited 1 branch of the dungeon, and saw 4 of its levels.

You collected 129 gold pieces.

Inventory:

Hand Weapons
 b - a +0 dagger (melded)
 g - a +0 trident
Missiles
 k - 5 atropa-tipped darts
Armour
 c - a +0 pair of boots (melded)
 h - a +0 pair of gloves (melded)
Scrolls
 a - a scroll of blinking {unknown}
 e - a scroll of immolation {unknown}
 f - 2 scrolls of identify {unknown}
 j - a scroll of teleportation {unknown}
Potions
 d - 2 potions of lignification
 i - 2 potions of flight {unknown}
 l - a potion of haste {unknown}
 m - a potion of might {unknown}


   Skills:
 + Level 0.3 Fighting
 - Level 1.7 Dodging
 - Level 1.7 Stealth
 - Level 2.0 Spellcasting
 - Level 3.3 Transmutations
 + Level 5.7 Poison Magic


You couldn't memorise any spells.
You knew the following spells:

 Your Spells              Type           Power      Damage    Failure   Level
a - Sting                 Tmut/Pois      68%        1d6       11%         1
b - Olgreb's Toxic Radia  Pois           21%        N/A       38%         4
c - Spider Form           Tmut/Pois      17%        N/A       22%         3

Your spell library contained the following spells:

 Spells                   Type           Power      Damage    Failure   Level
 Poisonous Vapours        Pois/Air       22%        N/A       22%         2
 Mephitic Cloud           Conj/Pois/Air  8%         N/A       47%         3
 Ensorcelled Hibernation  Hex/Ice        2%         N/A       50%         2


Dungeon Overview and Level Annotations

Branches:
Dungeon (4/15)
 Temple: D:4-7

Altars:
Dithmenos
Yredelemnul

Annotations:
D:2 Sigmund


Innate Abilities, Weirdness & Mutations

You are a venomous arachnid creature.
You have poisonous fangs.
You are tiny and dextrous.
Your spellcasting is less reliable in this form.
Your armour is entirely melded.
You are incapable of wielding weapons or throwing items.
((Your plain brown scales are hard. (AC +5)))
You cannot fit into any form of body armour.
((You are cold-blooded and may be slowed by cold attacks.))


Message History

Found a stone staircase leading up.
Found a stone staircase leading down.
l - an emerald potion
There is a stone staircase leading down here.
There is a stone staircase leading down here.
m - a fuming green potion You now have 129 gold pieces (gained 10).
Found 24 arrows.
A hornet zombie comes into view.
A hornet zombie is nearby!
Casting: Sting (safe; 3% risk of failure)
Confirm with . or Enter, or press ? or * to list all spells.
You turn into a venomous arachnid creature.
Your +0 dagger melds into your body.
Your +0 pair of gloves melds into your body.
Your +0 pair of boots melds into your body.
You hit the hornet zombie.
The hornet zombie is lightly damaged.
The hornet zombie closely misses you.
You hit the hornet zombie but do no damage.
The hornet zombie is lightly damaged.
The hornet zombie hits you! The hornet zombie misses you.
You hit the hornet zombie but do no damage.
The hornet zombie is lightly damaged.
The hornet zombie hits you!
You hit the hornet zombie but do no damage.
The hornet zombie is lightly damaged.
The hornet zombie hits you but does no damage.
You hit the hornet zombie.
The hornet zombie is lightly damaged.
The hornet zombie hits you.
You hit the hornet zombie.
The hornet zombie is lightly damaged.
The hornet zombie hits you!
* * * LOW HITPOINT WARNING * * *
The hornet zombie completely misses you.
You hit the hornet zombie but do no damage.
The hornet zombie is lightly damaged.
The hornet zombie hits you!
You die...

#.......................
#.....................# .
#.....................#...
###...................#...
#...##...##.........#...
8.## ######.........#...
######.............
##..............###.
#.Zs................
#.(...####.........##..
#.....# ##.......#####
....## #.......# ...
...###.### .. .### #.# .
..# #.


You could see a hornet zombie.

Vanquished Creatures
  A wyvern (D:4)
  Jessica (D:3)
  4 adders
  A worm (D:3)
  A dart slug (D:1)
  2 orcs
  3 bats
  4 endoplasms
  5 hobgoblins
  2 quokkas
  2 ball pythons
  2 frilled lizards
  3 goblins
  3 kobolds
  5 rats (D:3)
39 creatures vanquished.

Notes
Turn   | Place    | Note
-------+----------+-------------------------------------------
     0 | D:1      | bearlyready the Draconian Venom Mage began the quest for
                  | the Orb.
     0 | D:1      | Reached XP level 1. HP: 14/14 MP: 3/3
   665 | D:1      | Reached XP level 2. HP: 19/20 MP: 5/5
  1229 | D:2      | Noticed Sigmund
  1520 | D:2      | You fall into a shaft and drop 1 floor!
  1664 | D:3      | Reached skill level 4 in Poison Magic
  1728 | D:3      | Reached XP level 3. HP: 23/26 MP: 3/6
  1962 | D:3      | Found a shadowy altar of Dithmenos.
  2080 | D:3      | Noticed Jessica
  2083 | D:3      | Killed Jessica
  2084 | D:3      | Reached XP level 4. HP: 33/33 MP: 4/7
  2200 | D:3      | Found a basalt altar of Yredelemnul.
  2376 | D:4      | Noticed a wyvern
  2392 | D:4      | Killed a wyvern
  2393 | D:4      | Reached skill level 5 in Poison Magic
  2393 | D:4      | Reached XP level 5. HP: 19/38 MP: 1/8
  2398 | D:4      | Learned a level 4 spell: Olgreb's Toxic Radiance
  2402 | D:4      | Learned a level 3 spell: Spider Form
  2898 | D:4      | Slain by a hornet zombie

Illustrated notes

Levels and vault maps discovered:
D:1:      minmay_arrival_shattered_statue, layout_basic,
          chequers_serial_rivers_small_b
D:2:      layout_basic, ebering_ecumenical_altar_sacrificial, basic_altar,
          uniq_sigmund
D:3:      layout_basic, nicolae_overflow_hidden_temple,
          yredelemnul_altar_generic, minmay_pentomino_pile, uniq_jessica
D:4:      layout_rooms, minitemple, nrook_uturn, minmay_manual_mullet

Skill      XL: |  1  2  3  4 |
---------------+-------------+-----
Poison Magic   | 4 5 |  5.7
Transmutations | 3 |  3.3
Fighting       | |  0.3
Dodging        | |  1.7
Stealth        | |  1.7
Spellcasting   | |  2.0

Action                   |  1- 3 |  4- 6 || total
-------------------------+-------+-------++-------
Melee: Unarmed           |    21 |    14 ||    35
       Dagger            |    72 |    21 ||    93
       Tailslap          |     6 |     2 ||     8
 Cast: Sting             |    37 |     7 ||    44
       Spider Form       |       |     2 ||     2
  Use: Potion            |     1 |     3 ||     4
Armor: Skin              |    39 |    11 ||    50
Dodge: Dodged            |    87 |    23 ||   110

Table legend: (Time is in decaauts)
 A = Elapsed time spent in this place.
 B = Non-inter-level travel time spent in this place.
 C = Inter-level travel time spent in this place.
 D = Time resting spent in this place.
 E = Time spent auto-exploring this place.
 F = Levels seen in this place.
 G = Mean time per level.
                   A        B        C        D        E       F      G
               +--------+--------+--------+--------+--------+-----+--------+
         Total |   2898 |   2844 |     54 |    221 |   2146 |   4 |  724.5 |
       Dungeon |   2898 |   2844 |     54 |    221 |   2146 |   4 |  724.5 |
               +--------+--------+--------+--------+--------+-----+--------+

Top non-repeatable levels by time:
     D:1: 1416 daAuts
     D:3: 845 daAuts
     D:4: 532 daAuts
     D:2: 104 daAuts
